 Dungeon Crawl Stone Soup version 0.29.1-2-gbd0b4ee654 (webtiles) character file.

Game seed: 6490996189870507342

48 GigaChad the Covered (level 3, -1/33 HPs)
             Began as a Minotaur Fighter on Nov 22, 2022.
             Slain by a gnoll
             ... wielding a +0 whip
              (4 damage)
             ... on level 2 of the Dungeon.
             The game lasted 00:03:05 (1319 turns).

GigaChad the Covered (Minotaur Fighter)             Turns: 1319, Time: 00:03:06

Health: -1/33      AC:  7    Str: 22    XL:     3   Next: 50%
Magic:  2/2        EV:  9    Int:  5    God:
Gold:   77         SH:  4    Dex:  9    Spells: 2/2 levels left

rFire   . . .      SeeInvis .   a - +0 war axe
rCold   . . .      Faith    .   c - +0 buckler
rNeg    . . .      Spirit   .   b - +0 scale mail
rPois   .          Reflect  .   (helmet restricted)
rElec   .          Harm     .   (no cloak)
rCorr   .          Rampage  .   (no gloves)
Will    .....                   (no boots)
Stlth   ..........              (no amulet)
HPRegen 0.11/turn               (no ring)
MPRegen 0.08/turn               (no ring)

@: no status effects
A: horns 2, retaliatory headbutt
a: no special abilities


You were on level 2 of the Dungeon.
You visited 1 branch of the dungeon, and saw 2 of its levels.

You collected 77 gold pieces.

Inventory:

Hand Weapons
 a - a +0 war axe (weapon)
Armour
 b - a +0 scale mail (worn)
 c - a +0 buckler (worn)
Scrolls
 e - a scroll of amnesia {unknown}
 f - a scroll of fog {unknown}
 g - a scroll of identify {unknown}
 i - a scroll of teleportation {unknown}
Potions
 d - 2 potions of might
 h - 2 potions of curing {unknown}
 j - a potion of brilliance {unknown}
 k - a potion of cancellation {unknown}


   Skills:
 + Level 4.1 Fighting
 + Level 2.8 Axes
 + Level 4.4 Armour
 + Level 0.6 Dodging
 + Level 4.0 Shields


You had 2 spell levels left.
You didn't know any spells.
Your spell library contained the following spells:

 Spells                   Type           Power      Damage    Failure   Level
 Sting                    Tmut/Pois      0%         1d3       87%         1
 Poisonous Vapours        Pois/Air       0%         N/A       95%         2
 Olgreb's Toxic Radiance  Pois           0%         N/A       100%        4


Dungeon Overview and Level Annotations

Branches:
Dungeon (2/15)

Altars:

Shops:
D:1 (   D:2 [


Innate Abilities, Weirdness & Mutations

You have a pair of horns on your head.
You reflexively headbutt those who attack you in melee.


Message History

You block the ball python's attack. The gnoll barely misses you.
You furiously retaliate!
You headbutt the gnoll. The gnoll hits you with a +0 spear.
The ball python bites you. The ball python completely misses you.
You closely miss the gnoll. You headbutt the gnoll.
You kill the gnoll!
You hit the ball python. You hit the gnoll but do no damage.
The ball python barely misses you. The ball python grabs you.
The ball python constricts you. The gnoll hits you with a +0 club.
You escape the ball python's grasp.
The gnoll hits you but does no damage. The gnoll barely misses you.
The ball python bites you but does no damage.
The ball python grabs you. The ball python constricts you.
You closely miss the ball python.
The ball python is moderately wounded.
You closely miss the gnoll. You barely miss the gnoll.
The gnoll barely misses you. The gnoll hits you with a +0 whip.
You block the ball python's attack. The ball python constricts you.
The gnoll hits you with a +0 club. The gnoll hits you with a +0 whip.
The ball python bites you but does no damage.
The ball python constricts you.
You closely miss the gnoll. Your headbutt misses the gnoll.
The gnoll is heavily wounded.
You slash the ball python!
You kill the ball python!
You closely miss the gnoll. You block the gnoll's attack.
The gnoll hits you but does no damage. The gnoll hits you with a +0 whip!
* * * LOW HITPOINT WARNING * * *
Things that are here:
a +0 short sword; a kobold corpse You closely miss the gnoll.
The gnoll is heavily wounded.
You closely miss the gnoll. The gnoll barely misses you.
You block the gnoll's attack. The gnoll barely misses you.
You block the gnoll's attack. The gnoll hits you with a +0 whip.
* * * LOW HITPOINT WARNING * * *
The gnoll hits you but does no damage. The gnoll hits you with a +0 whip.
You die...

## ... .... #####
.....#####?..#
........g.$..# ##.##
.....#.@g....# #...#
... #.###..### #...# .
#.#......# #...#
#........######...#
...#.........#........
.........#............
...#.##..#>..#........
. #.##......#####...#
#......#..# #...#


You could see 2 gnolls.

Vanquished Creatures
  A gnoll (D:2)
  2 dart slugs (D:1)
  4 endoplasms (D:1)
  7 goblins (D:1)
  2 hobgoblins (D:1)
  A quokka (D:1)
  2 ball pythons
  5 bats
  A frilled lizard (D:1)
  4 kobolds
  3 rats
32 creatures vanquished.

Notes
Turn   | Place    | Note
-------+----------+-------------------------------------------
     0 | D:1      | GigaChad the Minotaur Fighter began the quest for the Orb.
     0 | D:1      | Reached XP level 1. HP: 19/19 MP: 0/0
   125 | D:1      | Reached XP level 2. HP: 27/27 MP: 1/1
   445 | D:1      | Found Rapyar's Weapon Boutique.
   465 | D:1      | Reached XP level 3. HP: 10/33 MP: 2/2
  1220 | D:2      | Found Fasm's Antique Armour Shop.
  1319 | D:2      | Slain by a gnoll

Illustrated notes

Levels and vault maps discovered:
D:1:      amcnicky_arrival_double_pillar, layout_basic, serial_shops,
          nicolae_shop_hallway_stairs
D:2:      layout_loops_cross, serial_shops, nicolae_shop_crystal

Skill      XL: |  1  2 |
---------------+-------+-----
Fighting       | 4 |  4.1
Armour         | 4 |  4.4
Shields        | 4 |  4.0
Axes           | |  2.8
Dodging        | |  0.6

Action                   || total
-------------------------++-------
Melee: War axe           ||    57
       Headbutt          ||     9
Armor: Scale mail        ||    52
Dodge: Dodged            ||    51
Block: Buckler           ||    31
